 Dungeon Crawl Stone Soup version 0.29.0-4-gdea44cf6ec (webtiles) character file.

Game seed: 11843143592388309533

22 qw the Chopper (level 2, -1/17 HPs)
             Began as a Tengu Warper on Aug 28, 2022.
             Succumbed to their own poison gas
             ... on level 1 of the Dungeon.
             The game lasted 00:00:04 (883 turns).

qw the Chopper (Tengu Warper)                        Turns: 883, Time: 00:00:05

Health: -1/17      AC:  3    Str: 11    XL:     2   Next: 91%
Magic:  6/6        EV: 11    Int: 13    God:
Gold:   65         SH:  0    Dex: 13    Spells: 5/5 levels left

rFire   . . .      SeeInvis .   Y - +0 hand axe
rCold   . . .      Faith    .   (no shield)
rNeg    . . .      Spirit   .   b - +0 leather armour
rPois   .          Reflect  .   (helmet restricted)
rElec   .          Harm     .   (no cloak)
rCorr   .          Rampage  .   (no gloves)
Will    .....                   (boots unavailable)
Stlth   +.........              (no amulet)
HPRegen 0.05/turn               (no ring)
MPRegen 0.10/turn               (no ring)

@: lethally poisoned (-1 -> -7)
A: beak, talons 3
a: no special abilities


You were on level 1 of the Dungeon.
You visited 1 branch of the dungeon, and saw 1 of its levels.

You collected 65 gold pieces.


Innate Abilities, Weirdness & Mutations

You have a beak for a mouth.
You have claws for feet.


   Skills:
 - Level 2.0 Fighting
 + Level 3.6 Axes
 - Level 1.0 Throwing
 - Level 1.1 Armour
 - Level 2.1 Dodging
 - Level 2.0 Spellcasting
 - Level 2.4 Translocations


You had 5 spell levels left.
You didn't know any spells.
Your spell library contained the following spells:

 Spells                   Type           Power      Damage    Failure   Level
 Blink                    Tloc           14%        N/A       19%         2
 Gell's Gravitas          Tloc           7%         N/A       36%         3
 Lesser Beckoning         Tloc           7%         N/A       36%         3
 Teleport Other           Tloc           7%         N/A       36%         3
 Manifold Assault         Tloc           7%         N/A       98%         5

Inventory:

Hand Weapons
 d - a +0 club
 Y - a +0 hand axe (weapon)
Armour
 b - a +0 leather armour (worn)
Jewellery
 f - a ring of ice
Potions
 g - a potion of cancellation {unknown}

Dungeon Overview and Level Annotations

Branches:
Dungeon (1/15)

Altars:


Message History

As you read the scroll labelled NADEMM ZUMOG, it crumbles to dust.
You feel strangely unstable.
It was a scroll of teleportation.
You start waiting.
Your surroundings suddenly seem different.
Done exploring.
874 ||| READING scroll labelled POBUJO TYDUET.
The air fills with toxic fumes!
As you read the scroll labelled POBUJO TYDUET, it crumbles to dust.
It was a scroll of poison.
Done exploring.
875 ||| READING 2 scrolls labelled MAIBACAJYI.
As you read the scroll labelled MAIBACAJYI, it crumbles to dust.
It is a scroll of amnesia.
You feel forgetful for a moment.
Done exploring.
876 ||| DROPPING scroll of blinking.
You drop a scroll of blinking.
Done exploring.
877 ||| DROPPING scroll of amnesia.
You drop a scroll of amnesia.
Done exploring.
(D) Dungeon
Where to? (* - list waypoints, ? - help)
What level of the Dungeon? (default 1, ? - help) Sorry, I don't know how to get there.
Done exploring.
878 ||| Stepping randomly (stuck).
Really walk into that cloud of poison gas?
You are engulfed in poison gas.
You are lethally poisoned!
You feel very sick.
879 ||| Stepping ~*~*~tactically~*~*~ (cloud).
You feel very sick.
Things that are here:
a scroll of amnesia; a scroll of blinking
There is a lethal amount of poison in your body!
You feel very sick.
There is a lethal amount of poison in your body!
You feel sick.
There is a lethal amount of poison in your body!
You feel sick.
There is a lethal amount of poison in your body!
You die...

######....#..###........#####..#
#..........#.########...######.^
#...##.............###..........
###.>........................##.
######.....###...................
....######.......#############...
....###.....######0¤000<.....####
....#...#####¤0¤¤¤¤¤000..........
......###¤¤00¤0¤@¤¤¤###'###......
.....##..¤¤00##¤###0##...##'###'#
.....#...¤#'##¤¤.#...#.>.#...#...
.....#..###..#00.#...#...#...#...
.....##'##...#¤0.##)#######.##...
.....#...#...#0¤.#### ####...
.....#...#...#0¤.# #...
####.#~~~#~~~#¤0~# #¤.~
#.#~~~#~~~#~~~# #~.¤


There were no monsters in sight!

Vanquished Creatures
  2 endoplasms (D:1)
  3 giant cockroaches (D:1)
  2 hobgoblins (D:1)
  A quokka (D:1)
  3 ball pythons (D:1)
  A bat (D:1)
  2 frilled lizards (D:1)
  3 kobolds (D:1)
  5 rats (D:1)
22 creatures vanquished.

Notes
Turn   | Place    | Note
-------+----------+-------------------------------------------
     0 | D:1      | qw the Tengu Warper began the quest for the Orb.
     0 | D:1      | Reached XP level 1. HP: 12/12 MP: 4/4
     0 | D:1      | 0 ||| qw: Version: 0.1-a-89-g26bdef1
     0 | D:1      | 0 ||| qw: Game counter: 1910
     0 | D:1      | 0 ||| qw: Always use a shield: true
     0 | D:1      | 0 ||| qw: God list: Okawaru
     0 | D:1      | 0 ||| qw: Allow faded altars: false
     0 | D:1      | 0 ||| qw: Do Orc after D:15 true
     0 | D:1      | 0 ||| qw: Do second Lair branch before Depths: true
     0 | D:1      | 0 ||| qw: Lair rune preference: random
     0 | D:1      | 0 ||| qw: Plans: Normal
     0 | D:1      | 0 ||| PLANNING D:1-11
   224 | D:1      | 224 ||| Stepping ~*~*~tactically~*~*~ (stealth).
   225 | D:1      | 225 ||| Stepping ~*~*~tactically~*~*~ (stealth).
   235 | D:1      | Reached skill level 3 in Axes
   235 | D:1      | Reached XP level 2. HP: 13/17 MP: 6/6
   618 | D:1      | 618 ||| Stepping ~*~*~tactically~*~*~ (stealth).
   622 | D:1      | 622 ||| Stepping ~*~*~tactically~*~*~ (stealth).
   656 | D:1      | Found a faded altar of an unknown god.
   871 | D:1      | 871 ||| READING scroll labelled NADEMM ZUMOG.
   874 | D:1      | 874 ||| READING scroll labelled POBUJO TYDUET.
   875 | D:1      | 875 ||| READING 2 scrolls labelled MAIBACAJYI.
   876 | D:1      | 876 ||| DROPPING scroll of blinking.
   877 | D:1      | 877 ||| DROPPING scroll of amnesia.
   878 | D:1      | 878 ||| Stepping randomly (stuck).
   879 | D:1      | 879 ||| Stepping ~*~*~tactically~*~*~ (cloud).
   880 | D:1      | HP: 3/17 [poisoned by you (poison gas)]
   882 | D:1      | HP: 1/17 [poisoned by you (poison gas)]
   883 | D:1      | Succumbed to their own poison gas

Levels and vault maps discovered:
D:1:      dpeg_arrival_water_fire, layout_rooms,
          shapermc_ecumenical_altar_pompeii, chequers_serial_rivers_micro_e

Skill      XL: |  1 |
---------------+----+-----
Axes           | 3 |  3.6
Fighting       | |  2.0
Throwing       | |  1.0
Armour         | |  1.1
Dodging        | |  2.1
Spellcasting   | |  2.0
Translocations | |  2.4

Action                   || total
-------------------------++-------
Melee: Hand axe          ||    42
       Peck              ||     6
       Kick              ||     9
       Punch             ||     1
Throw: Boomerang         ||     7
  Use: Scroll            ||     3
Armor: Leather armour    ||     7
Dodge: Dodged            ||    15

Table legend:
 A = Non-vault XP
 B = Vault XP
 C = Vault XP percentage of total XP
 D = Non-vault monster count
 E = Vault monster count
 F = Vault count percentage of total count
                 A         B        C        D         E       F
            +---------+---------+-------+---------+---------+-------
      Total |      32 |       0 |   0.0 |      22 |       0 |   0.0
            +---------+---------+-------+---------+---------+-------
        D:1 |      32 |       0 |   0.0 |      22 |       0 |   0.0
            +---------+---------+-------+---------+---------+-------
